 Dungeon Crawl Stone Soup version 0.27-a0-1180-g7fc4abc71e (webtiles) character file.

Game seed: 11768213688552384622

71 Grimdewalt the Skirmisher (level 4, 0/46 HPs)
             Began as an Ogre Warper on May 17, 2021.
             Succumbed to a scorpion's poison
             ... on level 4 of the Dungeon.
             The game lasted 00:04:08 (3282 turns).

Grimdewalt the Skirmisher (Ogre Warper)             Turns: 3282, Time: 00:04:08

Health: 0/46       AC:  3    Str: 16    XL:     4   Next: 24%
Magic:  8/8        EV: 10    Int: 14    God:
Gold:   169        SH:  0    Dex:  8    Spells: 9/9 levels left

rFire    . . .     SeeInvis .   a - +0 mace
rCold    . . .     Faith    .   (no shield)
rNeg     . . .     Spirit   .   b - +0 robe
rPois    .         Reflect  .   (helmet restricted)
rElec    .         Harm     .   (no cloak)
rCorr    .         Rampage  .   (gloves unavailable)
Will     .....                  (boots unavailable)
Stlth    +.........             (no amulet)
HPRegen  0.15/turn              (no ring)
MPRegen  0.11/turn              (no ring)

@: lethally poisoned (0 -> -18)
A: large, unfitting armour, tough skin 1
a: no special abilities


You were on level 4 of the Dungeon.
You visited 1 branch of the dungeon, and saw 4 of its levels.

You collected 169 gold pieces.

Inventory:

Hand Weapons
 a - a +0 mace (weapon)
Missiles
 e - 5 boomerangs of dispersal (quivered)
 i - 7 boomerangs
Armour
 b - a +0 robe (worn)
Scrolls
 c - 3 scrolls of identify {unknown}
 d - a scroll of blinking
 f - 3 scrolls of teleportation {unknown}
 j - a scroll of amnesia {unknown}
 m - a scroll of holy word {unknown}
 n - a scroll of magic mapping {unknown}
Potions
 g - 2 potions of curing {unknown}
 h - 3 potions of heal wounds {unknown}
 k - a potion of attraction {unknown}
 l - a potion of lignification {unknown}


   Skills:
 + Level 3.6 Fighting
 + Level 2.3 Maces & Flails
 - Level 1.0 Throwing
 + Level 2.6 Dodging
 + Level 3.0 Spellcasting
 + Level 3.1 Translocations


You had 9 spell levels left.
You didn't know any spells.
Your spell library contained the following spells:

 Spells                   Type           Power      Damage    Failure   Level
 Blink                    Tloc           N/A        N/A       9%          2
 Gell's Gravitas          Tloc           5%         N/A       19%         3
 Lesser Beckoning         Tloc           5%         N/A       19%         3
 Teleport Other           Tloc           10%        N/A       19%         3
 Corona                   Hex            2%         N/A       22%         1
 Magic Dart               Conj           8%         1d3       22%         1
 Ensorcelled Hibernation  Hex/Ice        4%         N/A       32%         2
 Searing Ray              Conj           4%         3d3       32%         2
 Confusing Touch          Hex            2%         N/A       54%         3
 Dazzling Flash           Conj/Hex       4%         N/A       54%         3
 Tukima's Dance           Hex            2%         N/A       54%         3
 Iskenderun's Mystic Bla  Conj/Tloc      6%         2d4       73%         4
 Manifold Assault         Tloc           10%        N/A       86%         5
 Fulminant Prism          Conj/Hex       1%         3d6       91%         4


Dungeon Overview and Level Annotations

Branches:
Dungeon (4/15)
 Temple: D:4-7

Altars:
Vehumet

Annotations:
D:2 Terence


Innate Abilities, Weirdness & Mutations

You are too large for most types of armour.
You have tough skin. (AC +1)


Message History

You hit the hobgoblin.
The hobgoblin is almost dead.
The hobgoblin barely misses you.
You hit the hobgoblin.
You kill the hobgoblin!
No target in view!
No target in view!
No target in view!
No target in view!
No target in view!
No target in view!
No target in view!
No target in view!
No target in view!
No target in view!
No target in view!
HP restored.
A scorpion comes into view.
The scorpion closely misses you.
You hit the scorpion.
The scorpion is lightly wounded.
The scorpion stings you!
You barely miss the scorpion.
The scorpion is lightly wounded.
The scorpion completely misses you. The scorpion barely misses you.
You hit the scorpion but do no damage.
The scorpion is lightly wounded.
The scorpion barely misses you.
You closely miss the scorpion.
The scorpion is lightly wounded.
The scorpion stings you. The scorpion stings you!
You are poisoned.
The scorpion poisons you!
You hit the scorpion.
The scorpion is moderately wounded.
You feel very sick. The scorpion stings you.
You are more poisoned.
The scorpion poisons you! The scorpion stings you!
You are more poisoned.
The scorpion poisons you!
You hit the scorpion but do no damage.
The scorpion is moderately wounded.
* * * LOW HITPOINT WARNING * * *
You feel extremely sick. The scorpion stings you.
* * * LOW HITPOINT WARNING * * *
You closely miss the scorpion.
The scorpion is moderately wounded.
You die...

#########
#..@s...#
#.#####.#
#.# .#
#.# s#
#.# .#
#.# .#
#.# .#
#.# .#
#.#


You could see a scorpion.

Vanquished Creatures
  A howler monkey zombie (D:2)
  A dart slug (D:1)
  3 ball pythons
  5 bats
  8 endoplasms
  4 giant cockroaches
  5 goblins
  6 hobgoblins
  6 jackals (D:2)
  2 quokkas (D:1)
  A frilled lizard (D:1)
  5 kobolds
  5 rats
52 creatures vanquished.

Notes
Turn   | Place    | Note
-------+----------+-------------------------------------------
     0 | D:1      | Grimdewalt the Ogre Warper began the quest for the Orb.
     0 | D:1      | Reached XP level 1. HP: 22/22 MP: 3/3
   250 | D:1      | Reached XP level 2. HP: 21/29 MP: 5/5
   791 | D:1      | Reached XP level 3. HP: 29/37 MP: 7/7
  1546 | D:2      | Found a faded altar of an unknown god.
  2045 | D:2      | Reached XP level 4. HP: 33/45 MP: 8/8
  2160 | D:2      | Found a radiant altar of Vehumet.
  2338 | D:2      | Noticed Terence
  3270 | D:4      | Noticed a scorpion
  3282 | D:4      | Succumbed to a scorpion's poison

Illustrated notes

Levels and vault maps discovered:
D:1:      dpeg_arrival_refuge, layout_loops_ring, glass_columns_c, minmay_tall_x
D:2:      layout_loops_ring, basic_altar, basic_ecumenical_altar, uniq_terence
D:3:      layout_basic, kennysheep_generic_room_10
D:4:      layout_basic, evilmike_ruin_ashenzari, minmay_temple_entry_arrows

Skill      XL: |  1  2  3 |
---------------+----------+-----
Fighting       | 3 |  3.6
Maces & Flails | 2 |  2.3
Translocations | 3 |  3.1
Spellcasting   | 3 |  3.0
Throwing       | |  1.0
Dodging        | |  2.6

Action                   |  1- 3 |  4- 6 || total
-------------------------+-------+-------++-------
Melee: Mace              |   148 |    34 ||   182
 Stab: Sleeping          |     1 |       ||     1
Armor: Robe              |    71 |    10 ||    81
Dodge: Dodged            |   110 |    27 ||   137

Table legend: (Time is in decaauts)
 A = Elapsed time spent in this place.
 B = Non-inter-level travel time spent in this place.
 C = Inter-level travel time spent in this place.
 D = Time resting spent in this place.
 E = Time spent auto-exploring this place.
 F = Levels seen in this place.
 G = Mean time per level.
                   A        B        C        D        E       F      G
               +--------+--------+--------+--------+--------+-----+--------+
         Total |   3336 |   3224 |    112 |    176 |   2541 |   4 |  834.0 |
       Dungeon |   3336 |   3224 |    112 |    176 |   2541 |   4 |  834.0 |
               +--------+--------+--------+--------+--------+-----+--------+

Top non-repeatable levels by time:
     D:1: 1779 daAuts
     D:2: 999 daAuts
     D:3: 473 daAuts
     D:4: 83 daAuts
